 Dungeon Crawl Stone Soup version 0.29.1-1-gd02db6906a (webtiles) character file.

Game seed: 14236153740675843333

65 GeoRichter the Trooper (level 3, -1/43 HPs)
             Began as a Demonspawn Fighter on Oct 17, 2022.
             Slain by an orc
             ... wielding a +0 hand axe
              (3 damage)
             ... on level 2 of the Dungeon.
             The game lasted 00:05:43 (1835 turns).

GeoRichter the Trooper (Demonspawn Fighter)         Turns: 1835, Time: 00:05:43

Health: -1/43      AC:  9    Str: 16    XL:     3   Next: 92%
Magic:  7/7        EV:  8    Int: 11    God:
Gold:   99         SH:  4    Dex: 12    Spells: 7/7 levels left

rFire   . . .      SeeInvis .   a - +0 long sword
rCold   . . .      Faith    .   c - +0 buckler
rNeg    . . .      Spirit   .   b - +0 scale mail
rPois   .          Reflect  .   g - +0 helmet
rElec   .          Harm     .   (no cloak)
rCorr   .          Rampage  .   (no gloves)
Will    .....                   (no boots)
Stlth   ..........              (no amulet)
HPRegen 0.14/turn               (no ring)
MPRegen 0.10/turn               (no ring)

@: berserking, lethally poisoned (-1 -> -2), very quick
A: thin metallic scales 1, demonic magic 1
a: no special abilities


You were on level 2 of the Dungeon.
You visited 1 branch of the dungeon, and saw 3 of its levels.

You collected 99 gold pieces.

Inventory:

Hand Weapons
 a - a +0 long sword (weapon)
Missiles
 l - 6 stones (quivered)
 n - 6 poisoned darts
Armour
 b - a +0 scale mail (worn)
 c - a +0 buckler (worn)
 g - a +0 helmet (worn)
   (You found it on level 1 of the Dungeon)
 p - a +0 ring mail
   (You took it off a hobgoblin on level 3 of the Dungeon)
Jewellery
 h - a ring of willpower
   (You found it on level 1 of the Dungeon)
Scrolls
 e - 5 scrolls of identify {unknown}
 f - a scroll of enchant weapon {unknown}
 i - a scroll of teleportation {unknown}
 j - a scroll of noise {unknown}
 m - a scroll of silence {unknown}
Potions
 d - 2 potions of might
 k - a potion of mutation {unknown}


   Skills:
 - Level 3.2 Fighting
 - Level 2.3 Long Blades
 - Level 2.6 Armour
 - Level 2.6 Shields
 + Level 2.7 Spellcasting


You had 7 spell levels left.
You didn't know any spells.
Your spell library contained the following spells:

 Spells                   Type           Power      Damage    Failure   Level
 Summon Small Mammal      Summ           4%         N/A       78%         1
 Call Canine Familiar     Summ           1%         N/A       98%         3
 Summon Guardian Golem    Hex/Summ       1%         N/A       98%         3
 Iskenderun's Battlesphe  Conj           1%         2d6       100%        5
 Iron Shot                Conj/Erth      0%         9d1       100%        6
 Orb of Destruction       Conj           0%         9d5       100%        7
 Spellforged Servitor     Conj/Summ      0%         N/A       100%        7


Dungeon Overview and Level Annotations

Branches:
Dungeon (3/15) Zot: 16107

Altars:
Hepliaklqana

Shops:
D:3 [


Innate Abilities, Weirdness & Mutations

You are partially covered in thin metallic scales. (AC +2)
Spells you cast may paralyse adjacent enemies.


Message History

You start resting.
You climb downwards.
The orc hits you but does no damage.
You are poisoned.
You block the orc's attack.
There is a stone staircase leading up here.
You feel very sick. The orc hits you but does no damage.
The orc hits you with a +2 whip of venom.
You are more poisoned.
You climb upwards.
You feel very sick.
There is a stone staircase leading down here.
You barely miss the orc.
You feel very sick. The orc hits you but does no damage.
You block the orc's attack.
You hit the orc.
You feel very sick. The orc hits you but does no damage.
You block the orc's attack. The orc barely misses you.
The orc hits you but does no damage.
You are lethally poisoned!
You slash the orc!
You kill the orc!
* * * LOW HITPOINT WARNING * * *
You feel very sick. The orc hits you but does no damage.
You barely miss the orc.
* * * LOW HITPOINT WARNING * * *
You feel very sick. The orc hits you but does no damage.
It was a potion of berserk rage.
A red film seems to cover your vision as you go berserk!
You feel yourself moving faster!
You feel mighty!
* * * LOW HITPOINT WARNING * * *
You feel sick. The orc hits you but does no damage.
You barely miss the orc.
* * * LOW HITPOINT WARNING * * *
You feel sick. The orc barely misses you.
You barely miss the orc.
* * * LOW HITPOINT WARNING * * *
You feel sick. The orc hits you but does no damage.
You barely miss the orc.
* * * LOW HITPOINT WARNING * * *
You feel sick. The orc completely misses you.
You closely miss the orc.
* * * LOW HITPOINT WARNING * * *
You feel sick. You block the orc's attack.
You closely miss the orc.
* * * LOW HITPOINT WARNING * * *
You feel sick. The orc hits you with a +0 hand axe.
You die...

#.......# #..........#
#.......####..........#
#.......##............#
#......###)#.†........#
#.......##.#........).#
#.......##.#..........#
#.......##.############
########.##<######
...............)@#
....##.#######.#o#
....##.# ##.#.#
.......######....#
....#####.....####
.................#
.....####........#
####...##..)..#### #
###.##.....#


You could see an orc.

Vanquished Creatures
  5 orcs
  4 ball pythons
  7 endoplasms
  A giant cockroach (D:2)
  6 goblins
  7 hobgoblins
  4 jackals (D:2)
  3 quokkas (D:2)
  7 bats
  A frilled lizard (D:2)
  3 kobolds
  3 rats
51 creatures vanquished.

Notes
Turn   | Place    | Note
-------+----------+-------------------------------------------
     0 | D:1      | GeoRichter the Demonspawn Fighter began the quest for the
                  | Orb.
     0 | D:1      | Reached XP level 1. HP: 18/18 MP: 1/1
   255 | D:1      | Gained mutation: Spells you cast may paralyse adjacent
                  | enemies. [demonic ancestry]
   255 | D:1      | Reached XP level 2. HP: 24/24 MP: 2/2
   429 | D:1      | Found a faded altar of an unknown god.
   489 | D:1      | Reached skill level 1 in Spellcasting
   966 | D:2      | Gained mutation: You are partially covered in thin metallic
                  | scales. (AC +2) [demonic ancestry]
   966 | D:2      | Reached XP level 3. HP: 29/29 MP: 5/5
  1629 | D:3      | Found a hazy altar of Hepliaklqana.
  1730 | D:3      | Found Ystal's Antique Armour Emporium.
  1835 | D:2      | HP: 2/43 [poisoned by an orc]
  1835 | D:2      | Slain by an orc

Illustrated notes

Levels and vault maps discovered:
D:1:      dpeg_arrival_arbitrary_b, layout_basic,
          shapermc_ecumenical_altar_mp_highgroup
D:2:      layout_basic, serial_park_tiny_pond
D:3:      layout_loops_cross, mainiacjoe_overflow_concentric_impassable,
          serial_shops, nicolae_shop_trees

Skill      XL: |  1  2  3 |
---------------+----------+-----
Long Blades    | 2 |  2.3
Spellcasting   | 1 2 |  2.7
Fighting       | |  3.2
Armour         | |  2.6
Shields        | |  2.6

Action                   || total
-------------------------++-------
Melee: Long sword        ||   164
Throw: Stone             ||    12
  Use: Potion            ||     1
Armor: Scale mail        ||    92
Dodge: Dodged            ||    70
Block: Buckler           ||    45
